Wolfpack vs Bruins

Created - Wednesday, February 12, 2025 at 22:14

Goals
1 2 3 T
Wolfpack 2 3 2 7
Bruins 1 1 0 2
Shots
1 2 3 T
Wolfpack 21 12 5 38
Bruins 10 8 5 23

1st period

1. Wolfpack , Nicolas Deslauriers 10 (Mackenzie Entwistle 32) at 7:28 (PP)
2. Wolfpack , Tyler Madden 12 (Mavrik Bourque 41, Jacob MacDonald 20) at 9:09
3. Bruins , Adam Beckman 15 (Wilmer Skoog 12, Wyatt Aamodt 14) at 14:49

Penalties :
Josh Mahura (HAR) for Interference (Minor) at 0:31, Wyatt Aamodt (PRO) for Holding (Minor) at 2:39, Wyatt Kalynuk (PRO) for Interference (Minor) at 4:46, Wyatt Aamodt (PRO) for Roughing (Minor) at 7:20, Sam Jardine (PRO) for Roughing (Minor) at 9:50, Vasili Ponomarev (HAR) for Hooking (Minor) at 17:11

2nd period

4. Wolfpack , Jacob MacDonald 11 (Mackenzie Entwistle 33, Charles Hudon 31) at 4:15 (PP)
5. Wolfpack , Mavrik Bourque 21 (Jacob MacDonald 21) at 5:34
6. Wolfpack , Drake Caggiula 15 (Josh Mahura 30, Mavrik Bourque 42) at 10:54
7. Bruins , Maxwell Willman 34 (Jean-Luc Foudy 47) at 11:10

Penalties :
Mason Lohrei (PRO) for Hooking (Minor) at 0:16, Wyatt Aamodt (PRO) for Roughing (Minor) at 2:48

3rd period

8. Wolfpack , Cole Schneider 12 (Tyler Madden 11, Josh Mahura 31) at 17:42
9. Wolfpack , John Leonard 18 (Gage Quinney 9, Vasili Ponomarev 20) at 18:07

Penalties :
Nicolas Deslauriers (HAR) for Cross-checking (Minor) at 3:46, Josh Mahura (HAR) for High sticking (Minor) at 7:19, Ross Johnston (PRO) for Hooking (Minor) at 9:22, Nick Abruzzese (PRO) for Holding (Minor) at 15:28

Goalie Stats

Jesper Wallstedt (HAR), 21 saves from 23 shots - (0.913), W, 30-18-9, 60:00 minutes
Mark Sinclair (PRO), 31 saves from 38 shots - (0.816), L, 30-21-1, 60:00 minutes

Players Stats for Wolfpack

Player Name              G  A  P  +/- PIM S  H  SB GA TA FO     MP     PP MP  PK MP  
------------------------------------------------------------------------------------
Charles Hudon            0  1  1  -1  0   7  0  0  0  0  2/2    17:04   6:03   0:00 
Cole Schneider           1  0  1   2  0   4  0  0  0  0  0/0     7:54   0:00   0:00 
Colton White             0  0  0   1  0   2  2  1  0  0  0/0    21:45   7:17   0:18 
Dillon Heatherington     0  0  0  -1  0   0  1  2  0  0  0/0    18:02   1:25   3:44 
Drake Caggiula           1  0  1   1  0   2  1  0  0  0  0/0    16:09   7:15   3:03 
Drew Helleson            0  0  0   0  0   0  1  2  0  0  0/0    15:45   0:00   2:27 
Emil Bemstrom            0  0  0   1  0   1  1  0  0  0  1/1    18:04   7:26   4:47 
Gage Quinney             0  1  1   1  0   0  0  0  0  0  0/0    15:23   0:00   1:34 
Jacob MacDonald          1  2  3   2  0   3  0  1  0  0  0/0    20:29   5:28   3:54 
John Leonard             1  0  1   1  0   4  1  0  0  0  0/1    13:49   0:00   0:00 
Josh Mahura              0  2  2   1  4   0  4  0  0  0  0/0    22:54   7:17   1:29 
Mackenzie Entwistle      0  2  2  -1  0   2  1  1  0  0  14/23  18:39   6:03   1:35 
Matthew Phillips         0  0  0   0  0   0  0  0  0  0  0/0     0:00   0:00   0:00 
Mavrik Bourque           1  2  3   3  0   2  4  0  0  0  19/34  25:23   6:45   4:53 
Nicolas Deslauriers      1  0  1  -1  2   5  3  0  0  0  1/4    17:03   6:03   0:00 
Tyler Madden             1  1  2   2  0   3  0  0  0  0  4/9     7:54   0:00   0:00 
Vasili Ponomarev         0  1  1   1  2   1  2  0  0  0  4/12   14:40   0:52   0:00 
Will Butcher             0  0  0   3  0   2  0  1  0  0  0/0    21:03   5:31   4:00 

Players Stats for Bruins

Player Name              G  A  P  +/- PIM S  H  SB GA TA FO     MP     PP MP  PK MP  
------------------------------------------------------------------------------------
Adam Beckman             1  0  1   0  0   3  0  0  0  0  0/1    13:12   0:59   0:18 
Antti Tuomisto           0  0  0   0  0   2  6  0  0  0  0/0    20:28   3:17   6:16 
Cory Conacher            0  0  0   0  0   0  0  0  0  0  0/0    11:42   0:00   0:00 
Jean-Luc Foudy           0  1  1   0  0   1  1  0  0  0  10/23  16:26   4:14   0:00 
Jordan Gross             0  0  0   0  0   1  2  2  0  0  0/0    20:26   3:35   6:16 
Karson Kuhlman           0  0  0   0  0   2  2  0  0  0  1/2    16:46   4:14   0:00 
Mason Lohrei             0  0  0  -3  2   4  2  0  0  0  0/0    23:46   4:21   6:09 
Matthew Coronato         0  0  0  -2  0   1  0  0  0  0  1/2    24:32   2:43   8:14 
Matthew Poitras          0  0  0  -2  0   1  1  0  0  0  8/14   10:48   3:24   0:07 
Maxwell Willman          1  0  1   0  0   4  3  1  0  0  0/3    21:08   4:14   4:31 
Nick Abruzzese           0  0  0  -2  2   0  6  0  0  0  4/6    16:02   3:42   4:28 
Nikita Pavlychev         0  0  0  -1  0   0  0  0  0  0  3/7     7:11   0:00   0:00 
Ross Johnston            0  0  0  -2  2   1  4  2  0  0  7/17   14:38   0:18   7:11 
Sam Jardine              0  0  0  -3  2   0  0  1  0  0  0/0     6:35   0:00   0:19 
Steven Santini           0  0  0   0  0   0  2  1  0  0  0/0    19:38   4:21   7:10 
Wilmer Skoog             0  1  1   0  0   3  1  1  0  0  7/11   14:04   0:00   2:09 
Wyatt Aamodt             0  1  1   0  6   0  2  0  0  0  0/0    13:51   0:18   0:00 
Wyatt Kalynuk            0  0  0   0  2   0  3  1  0  0  0/0    15:10   0:00   0:48 

3 Stars

1 - Mavrik Bourque (HAR)
2 - Jacob MacDonald (HAR)
3 - Tyler Madden (HAR)

Power Play

Wolfpack - 2 on 8 Attempt(s) - 25.00%
Bruins - 0 on 4 Attempt(s) - 0.00%

Penalty Kill

Wolfpack - 4 on 4 Attempt(s) - 100.00% - Score 0 goal in Penalty Kill
Bruins - 6 on 8 Attempt(s) - 75.00% - Score 0 goal in Penalty Kill

Team Stat

Wolfpack - Hits : 21 - Faceoff Wins : 45 - Blocked Shots : 8 - Penalty Minutes : 8
Bruins - Hits : 35 - Faceoff Wins : 41 - Blocked Shots : 9 - Penalty Minutes : 16

Official

Referees : Jordan Samuels and Pierre Lambert
Linesman : James Tobias and Andrew Smith

Game Notes

No Game Note

Finance

Level 1 -- Attendance: 1781 (89.05%) -- Ticket Income $62,335
Level 2 -- Attendance: 936 (93.60%) -- Ticket Income $14,040
Total Attendance: 2717 (90.57%)
Total Ticket Income: $76,375
Other Income: $37,424
Total Income: $113,799

Wolfpack

5 vs 5 Forward 
   Center                   Left Wing                Right Wing               Time % Phy DF OF 
 1 Mavrik Bourque           Emil Bemstrom            Drake Caggiula           25     1   2  2  
 2 Mackenzie Entwistle      Charles Hudon            Nicolas Deslauriers      25     1   2  2  
 3 Vasili Ponomarev         Gage Quinney             John Leonard             25     1   2  2  
 4 Tyler Madden             Cole Schneider           Mavrik Bourque           25     1   2  2  

5 vs 5 Defense 
   Defense                  Defense                                           Time % Phy DF OF 
 1 Colton White             Josh Mahura                                       25     1   2  2  
 2 Jacob MacDonald          Will Butcher                                      25     1   2  2  
 3 Dillon Heatherington     Drew Helleson                                     25     1   2  2  
 4 Colton White             Josh Mahura                                       25     1   2  2  

PowerPlay Forward 
   Center                   Left Wing                Right Wing               Time % Phy DF OF 
 1 Mavrik Bourque           Emil Bemstrom            Drake Caggiula           60     1   2  2  
 2 Mackenzie Entwistle      Charles Hudon            Nicolas Deslauriers      40     1   2  2  

PowerPlay Defense
   Defense                  Defense                                           Time % Phy DF OF 
 1 Colton White             Josh Mahura                                       60     1   2  2  
 2 Jacob MacDonald          Will Butcher                                      40     1   2  2  

Penalty Kill 4 Players Forward 
   Center                   Wing                     Time % Phy DF OF 
 1 Mavrik Bourque           Emil Bemstrom            60     1   2  2  
 2 Mackenzie Entwistle      Drake Caggiula           40     1   2  2  

Penalty Kill 4 Players Defense
   Defense                  Defense                  Time % Phy DF OF 
 1 Dillon Heatherington     Josh Mahura              60     1   2  2  
 2 Jacob MacDonald          Will Butcher             40     1   2  2  

Penalty Kill - 3 Players Forward 
   Forward                                           Time % Phy DF OF 
 1 Mavrik Bourque                                    60     1   2  2  
 2 Emil Bemstrom                                     40     1   2  2  

Penalty Kill - 3 Players Defense
   Defense                  Defense                  Time % Phy DF OF 
 1 Colton White             Josh Mahura              60     1   2  2  
 2 Jacob MacDonald          Will Butcher             40     1   2  2  

4 vs 4 Forward 
   Center                   Wing                     Time % Phy DF OF 
 1 Mavrik Bourque           Emil Bemstrom            60     1   2  2  
 2 Mackenzie Entwistle      Drake Caggiula           40     1   2  2  

4 vs 4 Defense
   Defense                  Defense                  Time % Phy DF OF 
 1 Drew Helleson            Josh Mahura              60     1   2  2  
 2 Jacob MacDonald          Will Butcher             40     1   2  2  

Last Minutes Offensive
   Center                   Left Wing                Right Wing               Defense                  Defense                  
   Mavrik Bourque           Emil Bemstrom            Drake Caggiula           Jacob MacDonald          Josh Mahura              

Last Minutes Defensive
   Center                   Left Wing                Right Wing               Defense                  Defense                  
   Mavrik Bourque           Emil Bemstrom            Drake Caggiula           Jacob MacDonald          Josh Mahura              

Goaltenders
Starting : Jesper Wallstedt         
Backup : Cal Petersen             

Extra Forwards
Normal : Vasili Ponomarev, John Leonard, Gage Quinney - PP : Vasili Ponomarev, John Leonard - PK : Gage Quinney
Extra Defensemen
Normal : Dillon Heatherington, Drew Helleson, Colton White - PP : Dillon Heatherington - PK : Drew Helleson, Colton White
Penalty Shots
Mavrik Bourque, Emil Bemstrom, Mackenzie Entwistle, Drake Caggiula, Charles Hudon
Custom OT Lines Forwards
Mavrik Bourque, Emil Bemstrom, Mackenzie Entwistle, Drake Caggiula, Charles Hudon, Nicolas Deslauriers, Vasili Ponomarev, John Leonard, Gage Quinney, Tyler Madden
Custom OT Lines Defensemen
Drew Helleson, Josh Mahura, Jacob MacDonald, Will Butcher, Dillon Heatherington

Scratches
Wade Allison (Healthy), Skyler Brind'Amour (Healthy), Montana Onyebuchi (Healthy), Matt Filipe (Healthy), Dave Gust (Healthy)
Marco Scandella (Broken Bone (Left Foot) Injury), Matt Kiersted (Healthy), Zach Sawchenko (Healthy)

Bruins

5 vs 5 Forward 
   Center                   Left Wing                Right Wing               Time % Phy DF OF 
 1 Matthew Poitras          Nick Abruzzese           Matthew Coronato         25     1   2  2  
 2 Jean-Luc Foudy           Maxwell Willman          Karson Kuhlman           25     1   2  2  
 3 Wilmer Skoog             Adam Beckman             Cory Conacher            25     1   2  2  
 4 Nikita Pavlychev         Ross Johnston            Matthew Coronato         25     1   2  2  

5 vs 5 Defense 
   Defense                  Defense                                           Time % Phy DF OF 
 1 Mason Lohrei             Steven Santini                                    25     1   2  2  
 2 Jordan Gross             Antti Tuomisto                                    25     1   2  2  
 3 Wyatt Aamodt             Wyatt Kalynuk                                     25     1   2  2  
 4 Sam Jardine              Mason Lohrei                                      25     1   2  2  

PowerPlay Forward 
   Center                   Left Wing                Right Wing               Time % Phy DF OF 
 1 Matthew Poitras          Nick Abruzzese           Matthew Coronato         60     1   2  2  
 2 Jean-Luc Foudy           Maxwell Willman          Karson Kuhlman           40     1   2  2  

PowerPlay Defense
   Defense                  Defense                                           Time % Phy DF OF 
 1 Mason Lohrei             Steven Santini                                    60     1   2  2  
 2 Jordan Gross             Antti Tuomisto                                    40     1   2  2  

Penalty Kill 4 Players Forward 
   Center                   Wing                     Time % Phy DF OF 
 1 Ross Johnston            Matthew Coronato         60     1   2  2  
 2 Nick Abruzzese           Maxwell Willman          40     1   2  2  

Penalty Kill 4 Players Defense
   Defense                  Defense                  Time % Phy DF OF 
 1 Mason Lohrei             Steven Santini           60     1   2  2  
 2 Jordan Gross             Antti Tuomisto           40     1   2  2  

Penalty Kill - 3 Players Forward 
   Forward                                           Time % Phy DF OF 
 1 Nick Abruzzese                                    60     1   2  2  
 2 Matthew Coronato                                  40     1   2  2  

Penalty Kill - 3 Players Defense
   Defense                  Defense                  Time % Phy DF OF 
 1 Mason Lohrei             Steven Santini           60     1   2  2  
 2 Jordan Gross             Antti Tuomisto           40     1   2  2  

4 vs 4 Forward 
   Center                   Wing                     Time % Phy DF OF 
 1 Jean-Luc Foudy           Matthew Coronato         60     1   2  2  
 2 Nick Abruzzese           Maxwell Willman          40     1   2  2  

4 vs 4 Defense
   Defense                  Defense                  Time % Phy DF OF 
 1 Mason Lohrei             Steven Santini           60     1   2  2  
 2 Jordan Gross             Antti Tuomisto           40     1   2  2  

Last Minutes Offensive
   Center                   Left Wing                Right Wing               Defense                  Defense                  
   Matthew Poitras          Nick Abruzzese           Matthew Coronato         Mason Lohrei             Steven Santini           

Last Minutes Defensive
   Center                   Left Wing                Right Wing               Defense                  Defense                  
   Matthew Poitras          Nick Abruzzese           Matthew Coronato         Mason Lohrei             Steven Santini           

Goaltenders
Starting : Mark Sinclair            
Backup : Jeremy Brodeur           

Extra Forwards
Normal : Adam Beckman, Ross Johnston, Wilmer Skoog - PP : Adam Beckman, Ross Johnston - PK : Wilmer Skoog
Extra Defensemen
Normal : Wyatt Aamodt, Wyatt Kalynuk, Sam Jardine - PP : Wyatt Aamodt - PK : Wyatt Kalynuk, Sam Jardine
Penalty Shots
Adam Beckman, Matthew Coronato, Nick Abruzzese, Maxwell Willman, Jean-Luc Foudy
Custom OT Lines Forwards
Matthew Poitras, Matthew Coronato, Nick Abruzzese, Maxwell Willman, Jean-Luc Foudy, Adam Beckman, Karson Kuhlman, Ross Johnston, Wilmer Skoog, Nikita Pavlychev
Custom OT Lines Defensemen
Mason Lohrei, Steven Santini, Jordan Gross, Antti Tuomisto, Wyatt Aamodt

Scratches
Cameron Butler (Healthy), Lleyton Moore (Healthy), Jaxsen Wiebe (Healthy), Kevin Wall (Healthy), Brett Kemp (Healthy)
Gavin Hain (Healthy), Brandon Baddock (Healthy), Dmitri Osipov (Healthy), Jacob Doty (Healthy), Emil Andrae (Healthy)

% Time on Ice - Wolfpack

Lines # - Real PCT - Wanted PCT - Time Play
Normal Forward
1 - 15% - 25% - 5:51
2 - 29% - 25% - 11:01
3 - 36% - 25% - 13:49
4 - 20% - 25% - 7:54
Normal Defense
1 - 19% - 25% - 7:14
2 - 29% - 25% - 11:07
3 - 34% - 25% - 13:18
4 - 18% - 25% - 6:56
PP Forward
1 - 55% - 60% - 7:26
2 - 45% - 40% - 6:03
PP Defense
1 - 59% - 60% - 8:01
2 - 41% - 40% - 5:28
PK Forward
1 - 80% - 60% - 6:21
2 - 20% - 40% - 1:35
PK Defense
1 - 51% - 60% - 4:02
2 - 49% - 40% - 3:54
PK3 Forward
1 - 0% - 60%
2 - 0% - 40%
PK3 Defense
1 - 0% - 60%
2 - 0% - 40%
44 Forward
1 - 0% - 60%
2 - 0% - 40%
44 Defense
1 - 0% - 60%
2 - 0% - 40%
Last Minute Offensive  - 0:00
Last Minute Defensive  - 0:00
Total
Forward - 60:00
Defense - 60:00

% Time on Ice - Bruins

Lines # - Real PCT - Wanted PCT - Time Play
Normal Forward
1 - 19% - 25% - 7:17
2 - 32% - 25% - 12:12
3 - 31% - 25% - 11:55
4 - 19% - 25% - 7:11
Normal Defense
1 - 21% - 25% - 8:07
2 - 27% - 25% - 10:35
3 - 35% - 25% - 13:36
4 - 16% - 25% - 6:17
PP Forward
1 - 43% - 60% - 3:24
2 - 57% - 40% - 4:32
PP Defense
1 - 55% - 60% - 4:21
2 - 45% - 40% - 3:35
PK Forward
1 - 70% - 60% - 9:23
2 - 30% - 40% - 4:06
PK Defense
1 - 54% - 60% - 7:13
2 - 46% - 40% - 6:16
PK3 Forward
1 - 0% - 60%
2 - 0% - 40%
PK3 Defense
1 - 0% - 60%
2 - 0% - 40%
44 Forward
1 - 0% - 60%
2 - 0% - 40%
44 Defense
1 - 0% - 60%
2 - 0% - 40%
Last Minute Offensive  - 0:00
Last Minute Defensive  - 0:00
Total
Forward - 60:00
Defense - 60:00

Play-by-Play

1st period


0:01 of 1st period - Matthew Poitras wins face-off versus Mavrik Bourque in neutral zone.
0:31 of 1st period - Minor Penalty to Josh Mahura for Interference.
0:32 of 1st period - Mavrik Bourque wins face-off versus Jean-Luc Foudy in Wolfpack zone.
0:54 of 1st period - Icing by Jean-Luc Foudy.
0:55 of 1st period - Mavrik Bourque wins face-off versus Karson Kuhlman in Bruins zone.
1:14 of 1st period - Shot by Karson Kuhlman.
1:14 of 1st period - Stopped by Jesper Wallstedt without a rebound.
1:15 of 1st period - Matthew Poitras wins face-off versus Mackenzie Entwistle in Wolfpack zone.
1:16 of 1st period - Shot by Mason Lohrei.
1:16 of 1st period - Stopped by Jesper Wallstedt without a rebound.
1:17 of 1st period - Matthew Poitras wins face-off versus Mackenzie Entwistle in Wolfpack zone.
1:31 of 1st period - Icing by Mason Lohrei.
1:32 of 1st period - Mackenzie Entwistle wins face-off versus Matthew Poitras in Bruins zone.
1:32 of 1st period - Mackenzie Entwistle is hit by Mason Lohrei.
2:03 of 1st period - Will Butcher is hit by Nick Abruzzese and loses puck.
2:14 of 1st period - Shot by Jean-Luc Foudy.
2:14 of 1st period - Shot Blocked by Will Butcher.
2:18 of 1st period - Shot by Jean-Luc Foudy.
2:18 of 1st period - Shot Misses the Net.
2:20 of 1st period - Shot by Antti Tuomisto.
2:20 of 1st period - Stopped by Jesper Wallstedt with a rebound.
2:22 of 1st period - Shot by Jordan Gross.
2:22 of 1st period - Stopped by Jesper Wallstedt with a rebound.
2:32 of 1st period - Shot by Jean-Luc Foudy.
2:32 of 1st period - Shot Misses the Net.
2:39 of 1st period - Minor Penalty to Wyatt Aamodt for Holding.
2:40 of 1st period - Mackenzie Entwistle wins face-off versus Ross Johnston in Bruins zone.
2:49 of 1st period - Shot by Charles Hudon.
2:49 of 1st period - Stopped by Mark Sinclair with a rebound.
2:58 of 1st period - Icing by Colton White.
2:59 of 1st period - Mackenzie Entwistle wins face-off versus Ross Johnston in Wolfpack zone.
3:06 of 1st period - Shot by Nicolas Deslauriers.
3:06 of 1st period - Stopped by Mark Sinclair with a rebound.
3:19 of 1st period - Off-side.
3:20 of 1st period - Nick Abruzzese wins face-off versus Mavrik Bourque in neutral zone.
3:25 of 1st period - Shot by Nick Abruzzese.
3:25 of 1st period - Shot Misses the Net.
3:50 of 1st period - Shot by Mavrik Bourque.
3:50 of 1st period - Stopped by Mark Sinclair without a rebound.
3:51 of 1st period - Nick Abruzzese wins face-off versus Nicolas Deslauriers in Bruins zone.
3:51 of 1st period - Jordan Gross is hit by Nicolas Deslauriers and loses puck.
3:58 of 1st period - Shot by Mackenzie Entwistle.
3:58 of 1st period - Deflect By Charles Hudon.
3:58 of 1st period - Stopped by Mark Sinclair without a rebound.
3:59 of 1st period - Mackenzie Entwistle wins face-off versus Nick Abruzzese in Bruins zone.
4:21 of 1st period - Shot by Colton White.
4:21 of 1st period - Stopped by Mark Sinclair without a rebound.
4:22 of 1st period - Ross Johnston wins face-off versus Mavrik Bourque in Bruins zone.
4:46 of 1st period - Minor Penalty to Wyatt Kalynuk for Interference.
4:47 of 1st period - Charles Hudon wins face-off versus Ross Johnston in Bruins zone.
4:58 of 1st period - Shot by Josh Mahura.
4:58 of 1st period - Shot Hit the Post.
5:00 of 1st period - Shot by Mackenzie Entwistle.
5:00 of 1st period - Deflect By Charles Hudon.
5:00 of 1st period - Shot Blocked by Ross Johnston.
5:02 of 1st period - Shot by Colton White.
5:02 of 1st period - Stopped by Mark Sinclair without a rebound.
5:03 of 1st period - Mavrik Bourque wins face-off versus Nick Abruzzese in Bruins zone.
5:12 of 1st period - Shot by Emil Bemstrom.
5:12 of 1st period - Shot Misses the Net.
5:14 of 1st period - Shot by Drake Caggiula.
5:14 of 1st period - Stopped by Mark Sinclair without a rebound.
5:15 of 1st period - Emil Bemstrom wins face-off versus Ross Johnston in Bruins zone.
6:32 of 1st period - Icing by Will Butcher.
6:33 of 1st period - Mackenzie Entwistle wins face-off versus Ross Johnston in Wolfpack zone.
6:38 of 1st period - Shot by Mackenzie Entwistle.
6:38 of 1st period - Shot Misses the Net.
6:40 of 1st period - Shot by Will Butcher.
6:40 of 1st period - Stopped by Mark Sinclair without a rebound.
6:41 of 1st period - Mackenzie Entwistle wins face-off versus Maxwell Willman in Bruins zone.
7:01 of 1st period - Shot by Wilmer Skoog.
7:01 of 1st period - Shot Blocked by Dillon Heatherington.
7:20 of 1st period - Minor Penalty to Wyatt Aamodt for Roughing.
7:21 of 1st period - Mackenzie Entwistle wins face-off versus Ross Johnston in Bruins zone.
7:28 of 1st period - Shot by Nicolas Deslauriers.
7:28 of 1st period - Goal by Nicolas Deslauriers - Wolfpack : 1 - Bruins : 0.
7:29 of 1st period - Jean-Luc Foudy wins face-off versus Mackenzie Entwistle in neutral zone.
7:29 of 1st period - Karson Kuhlman is hit by Nicolas Deslauriers and loses puck.
7:37 of 1st period - Nicolas Deslauriers is hit by Antti Tuomisto.
7:53 of 1st period - Shot by Nicolas Deslauriers.
7:53 of 1st period - Shot Misses the Net.
7:55 of 1st period - Shot by Jacob MacDonald.
7:55 of 1st period - Stopped by Mark Sinclair without a rebound.
7:56 of 1st period - Tyler Madden wins face-off versus Nikita Pavlychev in Bruins zone.
8:01 of 1st period - Shot by Mavrik Bourque.
8:01 of 1st period - Shot Misses the Net.
8:03 of 1st period - Shot by Cole Schneider.
8:03 of 1st period - Shot Misses the Net.
8:05 of 1st period - Shot by Tyler Madden.
8:05 of 1st period - Stopped by Mark Sinclair with a rebound.
8:07 of 1st period - Shot by Cole Schneider.
8:07 of 1st period - Stopped by Mark Sinclair without a rebound.
8:08 of 1st period - Vasili Ponomarev wins face-off versus Wilmer Skoog in Bruins zone.
9:09 of 1st period - Shot by Tyler Madden.
9:09 of 1st period - Goal by Tyler Madden - Wolfpack : 2 - Bruins : 0.
9:10 of 1st period - Nicolas Deslauriers wins face-off versus Jean-Luc Foudy in neutral zone.
9:34 of 1st period - Nicolas Deslauriers is hit by Antti Tuomisto and loses puck.
9:39 of 1st period - Shot by Mackenzie Entwistle.
9:39 of 1st period - Shot Misses the Net.
9:41 of 1st period - Shot by Nicolas Deslauriers.
9:41 of 1st period - Stopped by Mark Sinclair without a rebound.
9:42 of 1st period - Mavrik Bourque wins face-off versus Nikita Pavlychev in Bruins zone.
9:43 of 1st period - Shot by Drake Caggiula.
9:43 of 1st period - Shot Misses the Net.
9:46 of 1st period - Emil Bemstrom is hit by Mason Lohrei and loses puck.
9:50 of 1st period - Minor Penalty to Sam Jardine for Roughing.
9:51 of 1st period - Mavrik Bourque wins face-off versus Matthew Coronato in Bruins zone.
9:56 of 1st period - Shot by Drake Caggiula.
9:56 of 1st period - Shot Misses the Net.
10:16 of 1st period - Shot by Josh Mahura.
10:16 of 1st period - Shot Misses the Net.
10:18 of 1st period - Shot by Emil Bemstrom.
10:18 of 1st period - Shot Misses the Net.
10:20 of 1st period - Shot by Colton White.
10:20 of 1st period - Shot Blocked by Ross Johnston.
10:22 of 1st period - Shot by Drake Caggiula.
10:22 of 1st period - Shot Misses the Net.
10:41 of 1st period - Off-side.
10:42 of 1st period - Nick Abruzzese wins face-off versus Nicolas Deslauriers in neutral zone.
10:54 of 1st period - Shot by Nicolas Deslauriers.
10:54 of 1st period - Stopped by Mark Sinclair with a rebound.
10:56 of 1st period - Shot by Will Butcher.
10:56 of 1st period - Shot Misses the Net.
10:58 of 1st period - Shot by Jacob MacDonald.
10:58 of 1st period - Shot Misses the Net.
11:00 of 1st period - Shot by Will Butcher.
11:00 of 1st period - Shot Blocked by Steven Santini.
11:02 of 1st period - Shot by Jacob MacDonald.
11:02 of 1st period - Stopped by Mark Sinclair with a rebound.
11:04 of 1st period - Shot by Will Butcher.
11:04 of 1st period - Stopped by Mark Sinclair with a rebound.
11:23 of 1st period - Off-side.
11:24 of 1st period - Ross Johnston wins face-off versus Mavrik Bourque in neutral zone.
11:27 of 1st period - Josh Mahura is hit by Ross Johnston and loses puck.
12:09 of 1st period - Shot by John Leonard.
12:09 of 1st period - Stopped by Mark Sinclair without a rebound.
12:10 of 1st period - Tyler Madden wins face-off versus Jean-Luc Foudy in Bruins zone.
12:24 of 1st period - Shot by Mavrik Bourque.
12:24 of 1st period - Shot Blocked by Maxwell Willman.
12:26 of 1st period - Shot by Will Butcher.
12:26 of 1st period - Shot Misses the Net.
13:16 of 1st period - Shot by Nicolas Deslauriers.
13:16 of 1st period - Shot Blocked by Sam Jardine.
13:18 of 1st period - Shot by Mackenzie Entwistle.
13:18 of 1st period - Stopped by Mark Sinclair without a rebound.
13:19 of 1st period - Matthew Poitras wins face-off versus Vasili Ponomarev in Bruins zone.
13:19 of 1st period - Matthew Poitras is hit by Vasili Ponomarev.
13:28 of 1st period - Vasili Ponomarev is hit by Antti Tuomisto.
14:10 of 1st period - Drew Helleson is hit by Nick Abruzzese and loses puck.
14:22 of 1st period - Emil Bemstrom is hit by Antti Tuomisto and loses puck.
14:49 of 1st period - Shot by Adam Beckman.
14:49 of 1st period - Goal by Adam Beckman - Wolfpack : 2 - Bruins : 1.
14:50 of 1st period - Wilmer Skoog wins face-off versus Nicolas Deslauriers in neutral zone.
15:13 of 1st period - Cory Conacher is hit by Mackenzie Entwistle and loses puck.
15:44 of 1st period - Icing by Jean-Luc Foudy.
15:45 of 1st period - Jean-Luc Foudy wins face-off versus Vasili Ponomarev in Bruins zone.
15:53 of 1st period - Icing by Mason Lohrei.
15:54 of 1st period - Tyler Madden wins face-off versus Jean-Luc Foudy in Bruins zone.
15:57 of 1st period - Shot by Tyler Madden.
15:57 of 1st period - Stopped by Mark Sinclair without a rebound.
15:58 of 1st period - Nikita Pavlychev wins face-off versus Tyler Madden in Bruins zone.
15:58 of 1st period - Nikita Pavlychev is hit by Mavrik Bourque.
16:26 of 1st period - Shot by Ross Johnston.
16:26 of 1st period - Shot Misses the Net.
17:11 of 1st period - Minor Penalty to Vasili Ponomarev for Hooking.
17:12 of 1st period - Mavrik Bourque wins face-off versus Jean-Luc Foudy in Wolfpack zone.
17:18 of 1st period - Icing by Karson Kuhlman.
17:19 of 1st period - Mavrik Bourque wins face-off versus Jean-Luc Foudy in Bruins zone.
17:20 of 1st period - Shot by Emil Bemstrom.
17:20 of 1st period - Stopped by Mark Sinclair without a rebound.
17:21 of 1st period - Jean-Luc Foudy wins face-off versus Mavrik Bourque in Bruins zone.
17:39 of 1st period - Shot by Mason Lohrei.
17:39 of 1st period - Stopped by Jesper Wallstedt without a rebound.
17:40 of 1st period - Mavrik Bourque wins face-off versus Matthew Poitras in Wolfpack zone.
17:40 of 1st period - Mavrik Bourque is hit by Nick Abruzzese.
17:57 of 1st period - Nick Abruzzese is hit by Josh Mahura.
18:03 of 1st period - Shot by Antti Tuomisto.
18:03 of 1st period - Shot Misses the Net.
18:05 of 1st period - Shot by Antti Tuomisto.
18:05 of 1st period - Stopped by Jesper Wallstedt without a rebound.
18:06 of 1st period - Jean-Luc Foudy wins face-off versus Mackenzie Entwistle in Wolfpack zone.
18:07 of 1st period - Shot by Mason Lohrei.
18:07 of 1st period - Stopped by Jesper Wallstedt without a rebound.
18:08 of 1st period - Mackenzie Entwistle wins face-off versus Jean-Luc Foudy in Wolfpack zone.
18:21 of 1st period - Shot by Maxwell Willman.
18:21 of 1st period - Stopped by Jesper Wallstedt without a rebound.
18:22 of 1st period - Matthew Poitras wins face-off versus Mackenzie Entwistle in Wolfpack zone.
18:28 of 1st period - Shot by Matthew Coronato.
18:28 of 1st period - Stopped by Jesper Wallstedt without a rebound.
18:29 of 1st period - Mavrik Bourque wins face-off versus Matthew Poitras in Wolfpack zone.
18:35 of 1st period - Icing by Mason Lohrei.
18:36 of 1st period - Mavrik Bourque wins face-off versus Matthew Poitras in Bruins zone.
19:14 of 1st period - Gage Quinney is hit by Maxwell Willman and loses puck.
19:25 of 1st period - Shot by Maxwell Willman.
19:25 of 1st period - Shot Misses the Net.
19:42 of 1st period - Shot by Maxwell Willman.
19:42 of 1st period - Shot Misses the Net.
19:44 of 1st period - Shot by Maxwell Willman.
19:44 of 1st period - Shot Blocked by Colton White.
Goals for this period are 2 for Wolfpack vs 1 for Bruins.
Shots for this period are 21 for Wolfpack vs 10 for Bruins.

2nd period


0:01 of 2nd period - Nikita Pavlychev wins face-off versus Mavrik Bourque in neutral zone.
0:01 of 2nd period - Nikita Pavlychev is hit by Emil Bemstrom.
0:14 of 2nd period - Emil Bemstrom is hit by Steven Santini and loses puck.
0:16 of 2nd period - Minor Penalty to Mason Lohrei for Hooking.
0:17 of 2nd period - Mackenzie Entwistle wins face-off versus Ross Johnston in Bruins zone.
0:18 of 2nd period - Shot by Nicolas Deslauriers.
0:18 of 2nd period - Shot Blocked by Jordan Gross.
0:30 of 2nd period - Will Butcher is hit by Ross Johnston and loses puck.
1:49 of 2nd period - Shot by Jacob MacDonald.
1:49 of 2nd period - Shot Blocked by Wilmer Skoog.
1:51 of 2nd period - Shot by Mackenzie Entwistle.
1:51 of 2nd period - Stopped by Mark Sinclair without a rebound.
1:52 of 2nd period - Mavrik Bourque wins face-off versus Ross Johnston in Bruins zone.
2:02 of 2nd period - Icing by Emil Bemstrom.
2:03 of 2nd period - Ross Johnston wins face-off versus Mavrik Bourque in Wolfpack zone.
2:24 of 2nd period - Shot by Adam Beckman.
2:24 of 2nd period - Shot Blocked by Drew Helleson.
2:26 of 2nd period - Shot by Sam Jardine.
2:26 of 2nd period - Shot Blocked by Dillon Heatherington.
2:30 of 2nd period - Shot by Wilmer Skoog.
2:30 of 2nd period - Stopped by Jesper Wallstedt with a rebound.
2:39 of 2nd period - Icing by Drew Helleson.
2:40 of 2nd period - Jean-Luc Foudy wins face-off versus John Leonard in Wolfpack zone.
2:48 of 2nd period - Minor Penalty to Wyatt Aamodt for Roughing.
2:49 of 2nd period - Mackenzie Entwistle wins face-off versus Ross Johnston in Bruins zone.
2:50 of 2nd period - Shot by Will Butcher.
2:50 of 2nd period - Shot Misses the Net.
3:18 of 2nd period - Off-side.
3:19 of 2nd period - Nick Abruzzese wins face-off versus Mavrik Bourque in neutral zone.
4:13 of 2nd period - Shot by Mackenzie Entwistle.
4:13 of 2nd period - Shot Misses the Net.
4:15 of 2nd period - Shot by Jacob MacDonald.
4:15 of 2nd period - Goal by Jacob MacDonald - Wolfpack : 3 - Bruins : 1.
4:16 of 2nd period - Vasili Ponomarev wins face-off versus Jean-Luc Foudy in neutral zone.
4:21 of 2nd period - Shot by John Leonard.
4:21 of 2nd period - Stopped by Mark Sinclair without a rebound.
4:22 of 2nd period - Karson Kuhlman wins face-off versus Vasili Ponomarev in Bruins zone.
4:22 of 2nd period - Karson Kuhlman is hit by Vasili Ponomarev.
4:42 of 2nd period - Vasili Ponomarev is hit by Antti Tuomisto and loses puck.
5:18 of 2nd period - Shot by Wilmer Skoog.
5:18 of 2nd period - Shot Misses the Net.
5:20 of 2nd period - Shot by Wilmer Skoog.
5:20 of 2nd period - Stopped by Jesper Wallstedt without a rebound.
5:21 of 2nd period - Matthew Poitras wins face-off versus Mavrik Bourque in Wolfpack zone.
5:34 of 2nd period - Shot by Mavrik Bourque.
5:34 of 2nd period - Goal by Mavrik Bourque - Wolfpack : 4 - Bruins : 1.
5:35 of 2nd period - Wilmer Skoog wins face-off versus Mackenzie Entwistle in neutral zone.
5:44 of 2nd period - Shot by Adam Beckman.
5:44 of 2nd period - Stopped by Jesper Wallstedt without a rebound.
5:45 of 2nd period - Mavrik Bourque wins face-off versus Maxwell Willman in Wolfpack zone.
5:45 of 2nd period - Mavrik Bourque is hit by Karson Kuhlman.
6:05 of 2nd period - Shot by Jean-Luc Foudy.
6:05 of 2nd period - Shot Misses the Net.
7:10 of 2nd period - Colton White is hit by Wyatt Kalynuk.
7:56 of 2nd period - Shot by Nick Abruzzese.
7:56 of 2nd period - Shot Blocked by Mackenzie Entwistle.
7:58 of 2nd period - Shot by Nick Abruzzese.
7:58 of 2nd period - Shot Misses the Net.
8:00 of 2nd period - Shot by Sam Jardine.
8:00 of 2nd period - Shot Misses the Net.
8:02 of 2nd period - Shot by Mason Lohrei.
8:02 of 2nd period - Shot Misses the Net.
8:11 of 2nd period - Shot by Matthew Poitras.
8:11 of 2nd period - Stopped by Jesper Wallstedt without a rebound.
8:12 of 2nd period - Jean-Luc Foudy wins face-off versus Tyler Madden in Wolfpack zone.
8:12 of 2nd period - Jean-Luc Foudy is hit by Dillon Heatherington.
8:30 of 2nd period - Shot by Mavrik Bourque.
8:30 of 2nd period - Deflect By Cole Schneider.
8:30 of 2nd period - Stopped by Mark Sinclair without a rebound.
8:31 of 2nd period - Nikita Pavlychev wins face-off versus Vasili Ponomarev in Bruins zone.
8:31 of 2nd period - Nikita Pavlychev is hit by John Leonard.
8:47 of 2nd period - Shot by Ross Johnston.
8:47 of 2nd period - Shot Blocked by Jacob MacDonald.
8:56 of 2nd period - Icing by Mason Lohrei.
8:57 of 2nd period - Ross Johnston wins face-off versus Tyler Madden in Bruins zone.
9:40 of 2nd period - Shot by Maxwell Willman.
9:40 of 2nd period - Stopped by Jesper Wallstedt with a rebound.
10:00 of 2nd period - Will Butcher is hit by Jean-Luc Foudy and loses puck.
10:11 of 2nd period - Shot by John Leonard.
10:11 of 2nd period - Stopped by Mark Sinclair with a rebound.
10:13 of 2nd period - Shot by Vasili Ponomarev.
10:13 of 2nd period - Stopped by Mark Sinclair without a rebound.
10:14 of 2nd period - Wilmer Skoog wins face-off versus Vasili Ponomarev in Bruins zone.
10:41 of 2nd period - Shot by Wilmer Skoog.
10:41 of 2nd period - Stopped by Jesper Wallstedt without a rebound.
10:42 of 2nd period - Mavrik Bourque wins face-off versus Matthew Poitras in Wolfpack zone.
10:42 of 2nd period - Mavrik Bourque is hit by Ross Johnston.
10:54 of 2nd period - Shot by Drake Caggiula.
10:54 of 2nd period - Goal by Drake Caggiula - Wolfpack : 5 - Bruins : 1.
10:55 of 2nd period - Charles Hudon wins face-off versus Jean-Luc Foudy in neutral zone.
11:10 of 2nd period - Shot by Maxwell Willman.
11:10 of 2nd period - Goal by Maxwell Willman - Wolfpack : 5 - Bruins : 2.
11:11 of 2nd period - Wilmer Skoog wins face-off versus Mavrik Bourque in neutral zone.
11:13 of 2nd period - Off-side.
11:14 of 2nd period - Wilmer Skoog wins face-off versus Mavrik Bourque in neutral zone.
11:37 of 2nd period - Shot by Adam Beckman.
11:37 of 2nd period - Stopped by Jesper Wallstedt without a rebound.
11:38 of 2nd period - Matthew Poitras wins face-off versus Mackenzie Entwistle in Wolfpack zone.
12:03 of 2nd period - Colton White is hit by Nick Abruzzese and loses puck.
12:15 of 2nd period - Icing by Josh Mahura.
12:16 of 2nd period - Mackenzie Entwistle wins face-off versus Jean-Luc Foudy in Wolfpack zone.
13:05 of 2nd period - Shot by Cole Schneider.
13:05 of 2nd period - Shot Misses the Net.
13:11 of 2nd period - Shot by Mavrik Bourque.
13:11 of 2nd period - Shot Misses the Net.
14:43 of 2nd period - Icing by Charles Hudon.
14:44 of 2nd period - Mackenzie Entwistle wins face-off versus Nikita Pavlychev in Wolfpack zone.
14:44 of 2nd period - Mackenzie Entwistle is hit by Ross Johnston.
14:51 of 2nd period - Nicolas Deslauriers is hit by Wyatt Kalynuk and loses puck.
15:03 of 2nd period - Nicolas Deslauriers is hit by Wyatt Aamodt and loses puck.
15:17 of 2nd period - Icing by Drew Helleson.
15:18 of 2nd period - Wilmer Skoog wins face-off versus Vasili Ponomarev in Wolfpack zone.
15:20 of 2nd period - Adam Beckman is hit by Drew Helleson and loses puck.
16:27 of 2nd period - Matthew Coronato is hit by Colton White and loses puck.
16:35 of 2nd period - Wyatt Aamodt is hit by Drake Caggiula and loses puck.
16:49 of 2nd period - Wyatt Kalynuk is hit by Mavrik Bourque and loses puck.
17:29 of 2nd period - Shot by Charles Hudon.
17:29 of 2nd period - Shot Misses the Net.
17:31 of 2nd period - Shot by Charles Hudon.
17:31 of 2nd period - Stopped by Mark Sinclair with a rebound.
17:43 of 2nd period - Shot by Nicolas Deslauriers.
17:43 of 2nd period - Stopped by Mark Sinclair without a rebound.
17:44 of 2nd period - Tyler Madden wins face-off versus Nikita Pavlychev in Bruins zone.
18:03 of 2nd period - Shot by Cole Schneider.
18:03 of 2nd period - Stopped by Mark Sinclair without a rebound.
18:04 of 2nd period - Wilmer Skoog wins face-off versus Vasili Ponomarev in Bruins zone.
18:26 of 2nd period - Shot by Ross Johnston.
18:26 of 2nd period - Shot Misses the Net.
19:38 of 2nd period - Shot by Charles Hudon.
19:38 of 2nd period - Stopped by Mark Sinclair with a rebound.
Goals for this period are 3 for Wolfpack vs 1 for Bruins.
Shots for this period are 12 for Wolfpack vs 8 for Bruins.

3rd period


0:01 of 3rd period - Matthew Coronato wins face-off versus Tyler Madden in neutral zone.
0:27 of 3rd period - Mason Lohrei is hit by Mavrik Bourque.
0:32 of 3rd period - Matthew Coronato is hit by Josh Mahura and loses puck.
1:01 of 3rd period - Shot by Nicolas Deslauriers.
1:01 of 3rd period - Shot Misses the Net.
1:03 of 3rd period - Shot by Charles Hudon.
1:03 of 3rd period - Stopped by Mark Sinclair without a rebound.
1:04 of 3rd period - Vasili Ponomarev wins face-off versus Jean-Luc Foudy in Bruins zone.
1:21 of 3rd period - Shot by Jean-Luc Foudy.
1:21 of 3rd period - Stopped by Jesper Wallstedt with a rebound.
1:23 of 3rd period - Shot by Karson Kuhlman.
1:23 of 3rd period - Shot Blocked by Drew Helleson.
2:19 of 3rd period - Emil Bemstrom is hit by Wyatt Kalynuk and loses puck.
2:25 of 3rd period - Mavrik Bourque is hit by Wyatt Aamodt and loses puck.
3:46 of 3rd period - Minor Penalty to Nicolas Deslauriers for Cross-checking.
3:47 of 3rd period - Mavrik Bourque wins face-off versus Jean-Luc Foudy in Wolfpack zone.
5:27 of 3rd period - Shot by Karson Kuhlman.
5:27 of 3rd period - Stopped by Jesper Wallstedt without a rebound.
5:28 of 3rd period - Jean-Luc Foudy wins face-off versus Mackenzie Entwistle in Wolfpack zone.
6:32 of 3rd period - Ross Johnston is hit by Josh Mahura and loses puck.
6:43 of 3rd period - Shot by Charles Hudon.
6:43 of 3rd period - Stopped by Mark Sinclair with a rebound.
6:45 of 3rd period - Shot by Mackenzie Entwistle.
6:45 of 3rd period - Shot Misses the Net.
7:19 of 3rd period - Minor Penalty to Josh Mahura for High sticking.
7:20 of 3rd period - Jean-Luc Foudy wins face-off versus Mavrik Bourque in Wolfpack zone.
7:25 of 3rd period - Shot by Karson Kuhlman.
7:25 of 3rd period - Deflect By Maxwell Willman.
7:25 of 3rd period - Stopped by Jesper Wallstedt without a rebound.
7:26 of 3rd period - Jean-Luc Foudy wins face-off versus Mavrik Bourque in Wolfpack zone.
7:27 of 3rd period - Shot by Mason Lohrei.
7:27 of 3rd period - Stopped by Jesper Wallstedt without a rebound.
7:28 of 3rd period - Mavrik Bourque wins face-off versus Jean-Luc Foudy in Wolfpack zone.
7:45 of 3rd period - Jacob MacDonald is hit by Maxwell Willman and loses puck.
8:55 of 3rd period - Dillon Heatherington is hit by Maxwell Willman and loses puck.
9:06 of 3rd period - Shot by Mason Lohrei.
9:06 of 3rd period - Shot Misses the Net.
9:08 of 3rd period - Shot by Jean-Luc Foudy.
9:08 of 3rd period - Shot Misses the Net.
9:10 of 3rd period - Shot by Mason Lohrei.
9:10 of 3rd period - Deflect By Maxwell Willman.
9:10 of 3rd period - Shot Misses the Net.
9:17 of 3rd period - Shot by Mason Lohrei.
9:17 of 3rd period - Shot Misses the Net.
9:22 of 3rd period - Minor Penalty to Ross Johnston for Hooking.
9:23 of 3rd period - Mackenzie Entwistle wins face-off versus Wilmer Skoog in Bruins zone.
9:24 of 3rd period - Shot by Nicolas Deslauriers.
9:24 of 3rd period - Shot Misses the Net.
9:45 of 3rd period - Off-side.
9:46 of 3rd period - Mavrik Bourque wins face-off versus Wilmer Skoog in neutral zone.
9:58 of 3rd period - Icing by Will Butcher.
9:59 of 3rd period - Mavrik Bourque wins face-off versus Wilmer Skoog in Wolfpack zone.
9:59 of 3rd period - Mavrik Bourque is hit by Wilmer Skoog.
11:26 of 3rd period - Icing by Vasili Ponomarev.
11:27 of 3rd period - Vasili Ponomarev wins face-off versus Maxwell Willman in Wolfpack zone.
13:13 of 3rd period - Tyler Madden is hit by Nick Abruzzese.
13:18 of 3rd period - Jacob MacDonald is hit by Matthew Poitras.
13:50 of 3rd period - Jacob MacDonald is hit by Karson Kuhlman and loses puck.
14:32 of 3rd period - Wilmer Skoog is hit by Nicolas Deslauriers.
14:52 of 3rd period - Shot by Charles Hudon.
14:52 of 3rd period - Shot Misses the Net.
15:09 of 3rd period - Icing by Colton White.
15:10 of 3rd period - Ross Johnston wins face-off versus Mackenzie Entwistle in Wolfpack zone.
15:10 of 3rd period - Ross Johnston is hit by Colton White.
15:13 of 3rd period - Nikita Pavlychev is hit by Josh Mahura and loses puck.
15:22 of 3rd period - Shot by Ross Johnston.
15:22 of 3rd period - Stopped by Jesper Wallstedt without a rebound.
15:23 of 3rd period - Mavrik Bourque wins face-off versus Matthew Poitras in Wolfpack zone.
15:23 of 3rd period - Mavrik Bourque is hit by Nick Abruzzese.
15:28 of 3rd period - Minor Penalty to Nick Abruzzese for Holding.
15:29 of 3rd period - Mavrik Bourque wins face-off versus Ross Johnston in Bruins zone.
15:41 of 3rd period - Icing by Dillon Heatherington.
15:42 of 3rd period - Ross Johnston wins face-off versus Mavrik Bourque in Wolfpack zone.
15:48 of 3rd period - Icing by Dillon Heatherington.
15:49 of 3rd period - Ross Johnston wins face-off versus Mavrik Bourque in Wolfpack zone.
16:07 of 3rd period - Mavrik Bourque is hit by Jordan Gross and loses puck.
16:21 of 3rd period - Nicolas Deslauriers is hit by Jordan Gross and loses puck.
16:34 of 3rd period - Mackenzie Entwistle is hit by Antti Tuomisto.
16:40 of 3rd period - Shot by Josh Mahura.
16:40 of 3rd period - Shot Blocked by Jordan Gross.
17:14 of 3rd period - Emil Bemstrom is hit by Steven Santini.
17:42 of 3rd period - Shot by Cole Schneider.
17:42 of 3rd period - Goal by Cole Schneider - Wolfpack : 6 - Bruins : 2.
17:43 of 3rd period - Jean-Luc Foudy wins face-off versus Vasili Ponomarev in neutral zone.
18:07 of 3rd period - Shot by John Leonard.
18:07 of 3rd period - Goal by John Leonard - Wolfpack : 7 - Bruins : 2.
18:08 of 3rd period - Mackenzie Entwistle wins face-off versus Adam Beckman in neutral zone.
18:37 of 3rd period - Shot by Charles Hudon.
18:37 of 3rd period - Stopped by Mark Sinclair without a rebound.
18:38 of 3rd period - Matthew Poitras wins face-off versus Tyler Madden in Bruins zone.
18:49 of 3rd period - Matthew Poitras is hit by Mavrik Bourque and loses puck.
19:00 of 3rd period - Shot by Tyler Madden.
19:00 of 3rd period - Shot Blocked by Wyatt Kalynuk.
Goals for this period are 2 for Wolfpack vs 0 for Bruins.
Shots for this period are 5 for Wolfpack vs 5 for Bruins.